 Dungeon Crawl Stone Soup version 0.22.0-49-gab54619674 (webtiles) character file.

822 KamiKatze the Cudgeler (level 7, -6/43 HPs)
             Began as a Gargoyle Artificer on Sept 2, 2018.
             Was a Follower of Trog.
             Killed by divine providence
             ... invoked by an orc priest
              (13 damage)
             ... on level 4 of the Dungeon.
             The game lasted 00:18:51 (3744 turns).

KamiKatze the Cudgeler (Gargoyle Artificer)         Turns: 3744, Time: 00:18:52

Health: -6/43      AC: 11    Str: 17    XL:     7   Next: 95%
Magic:  9/9        EV: 10    Int: 12    God:    Trog [*.....]
Gold:   278        SH:  0    Dex: 10    Spells: 6/6 levels left

rFire    . . .     SeeInvis .   a - +0 flail
rCold    . . .     Gourm    .   (no shield)
rNeg     + . .     Faith    .   m - +0 scale mail
rPois    ∞         Spirit   .   (no helmet)
rElec    +         Reflect  .   (no cloak)
rCorr    .         Harm     .   (no gloves)
MR       .....                  (no boots)
Stlth    ..........             (no amulet)
HPRegen  0.14/turn              (no ring)
MPRegen  0.11/turn              (no ring)

@: berserk cooldown, slowed, very slow
A: negative energy resistance 1, electricity resistance, unbreathing,
petrification resistance, rot immunity, AC +4
a: Berserk, Renounce Religion


You were on level 4 of the Dungeon.
You worshipped Trog.
Trog was aware of your devotion.
You were near starving.

You visited 1 branch of the dungeon, and saw 5 of its levels.

You collected 278 gold pieces.

Inventory:

Hand Weapons
 a - a +0 flail (weapon)
 b - a +0 mace
Missiles
 l - 152 stones (quivered)
Armour
 m - a +0 scale mail (worn)
 q - a +0 large shield
Wands
 c - a wand of flame (15)
 d - a wand of enslavement (9)
 e - a wand of random effects (11)
 s - a wand of digging (10)
Scrolls
 h - a scroll of identify
 i - 2 scrolls of magic mapping
 j - 2 scrolls of teleportation {unknown}
 k - 3 scrolls of amnesia
 n - a scroll of enchant armour {unknown}
 o - a scroll of immolation {unknown}
 p - a scroll of random uselessness {unknown}
Potions
 r - a potion of cancellation
 t - a potion of flight
 u - a potion of haste
 v - a potion of might
 x - 2 potions of agility
Comestibles
 f - 8 rations


   Skills:
 + Level 4.2 Fighting
   Level 0.8 Short Blades
 * Level 5.1 Maces & Flails
 + Level 4.0 Armour
 + Level 3.5 Dodging
 - Level 1.1 Stealth
 - Level 2.6 Evocations


You had 6 spell levels left.
You didn't know any spells.
Your spell library contained the following spells:

 Spells                   Type           Power        Failure   Level  Hunger
 Animate Skeleton         Necr           N/A          71%         1    ##.....
 Corona                   Hex            #......      71%         1    ##.....
 Pain                     Necr           #...         71%         1    ##.....
 Ensorcelled Hibernation  Hex/Ice        #.....       85%         2    ###....
 Confuse                  Hex            #.......     97%         3    ####...
 Dazzling Spray           Conj/Hex       #.....       97%         3    ####...
 Regeneration             Chrm/Necr      #.........   97%         3    ####...
 Tukima's Dance           Hex            #.......     97%         3    ####...
 Vampiric Draining        Necr           #.........   97%         3    ####...
 Animate Dead             Necr           N/A          100%        4    #####..


Dungeon Overview and Level Annotations

Branches:
Dungeon (5/15)
 Temple: D:4-7

Altars:
Makhleb
Okawaru
Trog
Xom
Yredelemnul

Annotations:
D:5 burekbajo's ghost, novice MiFi


Innate Abilities, Weirdness & Mutations

You are resistant to torment.
Your stone body is resilient. (AC +4)
You are immune to poison.
You resist negative energy. (rN+)
You are resistant to electric shocks. (rElec)
You can survive without breathing.
You are immune to petrification.
You are immune to rotting.


Message History

The ice beast misses you. x2
You sock the ice beast!
The ice beast is heavily wounded.
The ice beast hits you but does no damage. x2
You hit the ice beast.
The ice beast is heavily wounded.
Your skin stops crawling.
You feel less resistant to hostile enchantments.
The ice beast hits you. The ice beast freezes you!
* * * LOW HITPOINT WARNING * * *
You sock the ice beast!
The ice beast is almost dead.
The ice beast hits you but does no damage. x2
The orc priest looks braver for a moment.
You hit the ice beast.
The ice beast is almost dead.
The ice beast misses you.
The orc priest invokes the aid of Beogh against you.
Beogh smites you!
You die...

#...# ######## #...# #.......
##...### #....... #....'.#
#....... #....#.####.......
#########.................
#.......#o.....####.......
#.......#Y####..# #.......
#.......#@####..# #.......
#.......###.....########..
#####.......# #.###..# ####..
#...........# #.####.## #.....
#........######.......# #.##.#
#.............#######.# #.##.#
#........####.# #.###.##.#
#.........#...# #..##.##.#
#.........#.#########.....##.#


You could see an ice beast and an orc priest.

Vanquished Creatures
  Grinder (D:4)
  A phantom (D:2)
  An ogre (D:5)
  A scorpion (D:4)
  3 howler monkeys
  A hound (D:4)
  An iguana (D:4)
  A bullfrog skeleton (D:4)
  A worker ant (D:4)
  A hound skeleton (D:5)
  4 adders
  A shadow imp (D:4)
  3 oozes
  An adder skeleton (D:4)
  4 worms
  2 dart slugs
  4 leopard geckos
  13 orcs
  4 giant cockroaches
  6 goblins
  6 hobgoblins
  8 jackals
  6 quokkas
  2 ball pythons
  8 bats
  4 frilled lizards
  7 kobolds
  7 rats
  A spectral orc (D:4)
103 creatures vanquished.

Vanquished Creatures (collateral kills)
  A goblin (D:2)
  A kobold (D:2)
2 creatures vanquished.

Grand Total: 105 creatures vanquished

Notes
Turn   | Place    | Note
-------+----------+-------------------------------------------
     0 | D:1      | KamiKatze the Gargoyle Artificer began the quest for the
                  | Orb.
     0 | D:1      | Reached XP level 1. HP: 12/12 MP: 2/2
   107 | D:1      | Reached XP level 2. HP: 11/16 MP: 4/4
   225 | D:1      | Reached skill level 1 in Armour
   438 | D:1      | Reached skill level 1 in Maces & Flails
   456 | D:1      | Reached XP level 3. HP: 10/21 MP: 5/5
  1048 | D:2      | Found a bloodstained altar of Trog.
  1100 | D:2      | Became a worshipper of Trog the Wrathful
  1216 | D:2      | Found a burning altar of Makhleb.
  1216 | D:2      | Found a shimmering altar of Xom.
  1294 | D:2      | Reached XP level 4. HP: 26/26 MP: 6/6
  1409 | D:2      | Reached skill level 2 in Maces & Flails
  1616 | D:3      | Noticed a phantom
  2164 | D:3      | Reached XP level 5. HP: 24/31 MP: 7/7
  2297 | D:3      | Reached * piety under Trog
  2602 | D:2      | Killed a phantom
  2602 | D:2      | Reached skill level 3 in Maces & Flails
  2668 | D:4      | Reached XP level 6. HP: 24/36 MP: 8/8
  2748 | D:4      | Noticed Grinder
  2755 | D:4      | Paralysed by Grinder for 3 turns
  2903 | D:4      | Paralysed by Grinder for 3 turns
  2951 | D:4      | Killed Grinder
  2951 | D:4      | Reached skill level 4 in Maces & Flails
  2951 | D:4      | Reached XP level 7. HP: 30/41 MP: 9/9
  3271 | D:4      | Found an iron altar of Okawaru.
  3553 | D:4      | Found a basalt altar of Yredelemnul.
  3698 | D:5      | Entered Level 5 of the Dungeon
  3709 | D:5      | Noticed burekbajo's ghost (novice MiFi)
  3722 | D:5      | Reached skill level 5 in Maces & Flails
  3723 | D:5      | Reached ** piety under Trog
  3734 | D:4      | HP: 2/43 [ice beast (14)]
  3744 | D:4      | Killed from afar by an orc priest

Skill      XL: |  1  2  3  4  5  6  7 |
---------------+----------------------+-----
Armour         | 1 2 3 4 |  4.0
Maces & Flails | 1 2 3 4 5 |  5.1
Dodging        | 2 3 |  3.5
Fighting       | 2 3 4 |  4.2
Short Blades   | |  0.8
Stealth        | |  1.1
Evocations     | |  2.6

Action                   |  1- 3 |  4- 6 |  7- 9 || total
-------------------------+-------+-------+-------++-------
Melee: Short sword       |   204 |    36 |       ||   240
       Mace              |       |   128 |       ||   128
       Flail             |       |    72 |    93 ||   165
Invok: Berserk           |       |     2 |     1 ||     3
       Trog's Hand       |       |       |     1 ||     1
Evoke: Wand              |       |     9 |     1 ||    10
  Use: Scroll            |     6 |       |     6 ||    12
       Potion            |       |     1 |     1 ||     2
 Stab: Sleeping          |     1 |       |       ||     1
  Eat: Chunk             |     2 |     6 |     4 ||    12
Armor: Leather armour    |    85 |       |       ||    85
       Ring mail         |    30 |    28 |       ||    58
       Scale mail        |       |   102 |    44 ||   146
       Skin              |       |     5 |       ||     5
Dodge: Dodged            |   150 |   120 |    60 ||   330
